 Dungeon Crawl Stone Soup version 0.20.0-15-g7f486f2 (webtiles) character file.

2388 Ios the Covert (level 9, -1/43 HPs)
             Began as a Spriggan Enchanter on June 10, 2017.
             Was a Follower of Dithmenos.
             Slain by a killer bee (6 damage)
             ... on level 7 of the Dungeon.
             The game lasted 00:19:38 (8407 turns).

Ios the Covert (Spriggan Enchanter)                 Turns: 8407, Time: 00:19:39

Health: -1/43      AC:  2    Str:  6    XL:     9   Next: 22%
Magic:  4/19       EV: 27    Int: 18    God:    Dithmenos [*.....]
Gold:   412        SH:  3    Dex: 21    Spells: 9/21 levels left

rFire    . . .     SeeInvis +   m - +0 dagger (venom)
rCold    . . .     Gourm    .   (shield restricted)
rNeg     + . .     Faith    .   b - +0 robe
rPois    .         Spirit   .   (helmet restricted)
rElec    .         Reflect  +   (no cloak)
rCorr    .         Harm     .   (gloves unavailable)
MR       +....                  (boots unavailable)
Stlth    ++++++++..             j - +3 amulet of reflection
Regen    0.2/turn               e - ring of positive energy
MPRegen  0.2/turn               (no ring)

@: agile, lethally poisoned (-1 -> -6), wreathed by umbra, very quick
A: unfitting armour, see invisible, herbivore 3, speed 3, slow metabolism 2
a: Renounce Religion


You were on level 7 of the Dungeon.
You worshipped Dithmenos.
Dithmenos was aware of your devotion.
You were very hungry.

You visited 2 branches of the dungeon, and saw 8 of its levels.

You collected 412 gold pieces.

Inventory:

Hand Weapons
 a - a +1 dagger
 i - a +2 dagger of speed
 k - a +1 dagger of protection
 m - a +0 dagger of venom (weapon)
 y - a cursed -2 dagger
Armour
 b - a +0 robe (worn)
Jewellery
 e - a ring of positive energy (left hand)
 j - a +3 amulet of reflection (around neck)
 o - an uncursed amulet of rage {unknown}
 A - an uncursed amulet of magic regeneration {unknown}
Wands
 c - a wand of iceblast (0/15)
 v - a wand of polymorph (24/24)
Scrolls
 h - 2 scrolls of amnesia
 n - 2 scrolls of magic mapping
 s - 2 scrolls of remove curse
 w - a scroll of recharging
 C - a scroll of teleportation
Potions
 f - 4 potions of heal wounds
 g - a potion of invisibility
 l - 3 potions of brilliance
 p - 5 potions of curing
 q - a potion of ambrosia {unknown}
 r - a potion of flight {unknown}
 u - 3 potions of lignification {unknown}
 x - 2 potions of cancellation {unknown}
 z - a potion of agility
 B - a potion of might {unknown}
Comestibles
 d - 8 bread rations
 t - a royal jelly


   Skills:
 + Level 2.5 Fighting
 + Level 3.8 Short Blades
 + Level 5.4 Dodging
 + Level 13.2 Stealth
 + Level 6.5 Spellcasting
 + Level 6.8 Hexes


You had 9 spell levels left.
You knew the following spells:

 Your Spells              Type           Power        Failure   Level  Hunger
a - Ensorcelled Hibernat  Hex/Ice        ###...       4%          2    None
b - Corona                Hex            ####...      1%          1    None
c - Confuse               Hex            ####....     1%          3    ##.....
d - Tukima's Dance        Hex            ####....     1%          3    ##.....
e - Dazzling Spray        Conj/Hex       ###...       9%          3    ##.....


Dungeon Overview and Level Annotations

Branches:
Dungeon (7/15)             Temple (1/1) D:4

Altars:
Dithmenos
Fedhas
Gozag
Hepliaklqana
Kikubaaqudgha
Makhleb
Nemelex Xobeh
Okawaru
Qazlal
Ru
Sif Muna
Uskayaw
Vehumet
Xom
Yredelemnul
Zin
The Shining One


Innate Abilities, Weirdness & Mutations

You are very small and have problems with some larger weapons.
You are too small for most types of armour.
You have supernaturally acute eyesight. (SInv)
You are a herbivore.
You cover ground extremely quickly.
You need consume almost no food.


Message History

You closely miss the killer bee.
The killer bee is moderately wounded.
The killer bee completely misses you. The killer bee stings you.
You are poisoned.
The killer bee poisons you!
You closely miss the killer bee.
The killer bee is heavily wounded.
You feel sick. The killer bee stings you!
* * * LOW HITPOINT WARNING * * *
You barely miss the killer bee.
The killer bee is severely wounded.
* * * LOW HITPOINT WARNING * * *
You feel sick. The killer bee closely misses you.
The killer bee completely misses you.
You hit the killer bee but do no damage.
The killer bee is severely wounded.
You kill the killer bee!
Dithmenos accepts your kill. The killer bee stings you.
You die...

(.......<[.+
##.#(..#### ..
#.....#.# ...
##.#.#.## ..h.
##...## ###.$.#
##.## ##.......
#.# #........
#.#####..###.#
#.@yZ........#
#######..##....
#..# ... #..# .
#... #####


You could see a killer bee and a wyvern skeleton.

Vanquished Creatures
  Pikel (D:6)
  The ghost of tschems the Chopper, a novice HuFi (D:6)
  Grinder (D:3)
  3 sky beasts
  A phantom (D:5)
  A big kobold (D:5)
  A bullfrog (D:3)
  3 scorpions
  5 killer bees (D:7)
  2 howler monkeys (D:7)
  2 crimson imps
  A bullfrog skeleton (D:6)
  A centaur skeleton (D:4)
  2 iguanas
  A worker ant (D:6)
  A howler monkey zombie (D:4)
  A gnoll (D:2)
  6 adders
  An ooze (D:3)
  2 worms (D:2)
  6 dart slugs
  5 leopard geckos
  4 orcs (D:5)
  3 ball pythons
  A giant cockroach (D:1)
  12 goblins
  9 hobgoblins
  5 jackals
  3 quokkas
  6 bats
  5 frilled lizards
  A jackal zombie (D:5)
  24 kobolds
  2 quokka skeletons
  12 rats
135 creatures vanquished.

Vanquished Creatures (others)
  A dancing weapon (D:2)
  A bullfrog (D:6)
  A quokka (D:6)
  A plant (D:5)
4 creatures vanquished.

Grand Total: 139 creatures vanquished

Notes
Turn   | Place    | Note
-------+----------+-------------------------------------------
     0 | D:1      | Ios the Spriggan Enchanter began the quest for the Orb.
     0 | D:1      | Reached XP level 1. HP: 9/9 MP: 5/5
   337 | D:1      | Reached XP level 2. HP: 9/13 MP: 5/7
   341 | D:1      | Learned a level 2 spell: Ensorcelled Hibernation
  1048 | D:1      | Reached XP level 3. HP: 16/16 MP: 9/9
  1053 | D:1      | Learned a level 3 spell: Confuse
  1057 | D:1      | Learned a level 3 spell: Tukima's Dance
  2573 | D:2      | Found an opulent altar of Gozag.
  3352 | D:3      | Reached XP level 4. HP: 21/21 MP: 11/11
  3368 | D:3      | Reached skill level 5 in Hexes
  3418 | D:3      | Noticed a bullfrog
  3422 | D:3      | Killed a bullfrog
  3422 | D:3      | Reached skill level 5 in Spellcasting
  3422 | D:3      | Reached XP level 5. HP: 20/24 MP: 9/13
  3616 | D:3      | Reached skill level 6 in Stealth
  3628 | D:3      | Noticed Grinder
  3903 | D:2      | Learned a level 3 spell: Dazzling Spray
  3970 | D:3      | Killed Grinder
  3970 | D:3      | Reached skill level 8 in Stealth
  3970 | D:3      | Reached XP level 6. HP: 28/28 MP: 11/14
  4115 | D:3      | Found a sparkling altar of Nemelex Xobeh.
  4154 | D:3      | Found a blossoming altar of Fedhas.
  4311 | D:4      | Found a staircase to the Ecumenical Temple.
  4357 | Temple   | Entered the Ecumenical Temple
  4369 | Temple   | Became a worshipper of Dithmenos the Shadowed
  4469 | D:4      | Reached skill level 9 in Stealth
  5097 | D:4      | Reached XP level 7. HP: 22/32 MP: 11/15
  5222 | D:4      | Found a stormy altar of Qazlal.
  5423 | D:5      | Entered Level 5 of the Dungeon
  5471 | D:5      | Reached skill level 10 in Stealth
  5929 | D:5      | Reached skill level 11 in Stealth
  6342 | D:5      | Reached * piety under Dithmenos
  6528 | D:5      | Reached skill level 12 in Stealth
  6944 | D:5      | Reached XP level 8. HP: 36/36 MP: 13/16
  7664 | D:6      | Noticed tschems's ghost (novice HuFi)
  7719 | D:6      | Killed tschems's ghost
  7719 | D:6      | Reached skill level 1 in Fighting
  8104 | D:6      | Noticed Pikel
  8129 | D:6      | Killed Pikel
  8129 | D:6      | Reached skill level 13 in Stealth
  8129 | D:6      | Reached XP level 9. HP: 35/42 MP: 13/19
  8142 | D:6      | Reached skill level 5 in Dodging
  8407 | D:7      | Slain by a killer bee

Skill      XL: |  1  2  3  4  5  6  7  8  9 |
---------------+----------------------------+-----
Hexes          | 4 5 6 |  6.8
Spellcasting   | 3 4 5 6 |  6.5
Stealth        | 8 9 12 13 | 13.2
Fighting       | 2 |  2.5
Short Blades   | 3 |  3.8
Dodging        | 4 5 |  5.4

Action                   |  1- 3 |  4- 6 |  7- 9 || total
-------------------------+-------+-------+-------++-------
Melee: Dagger            |   153 |   115 |   174 ||   442
 Cast: Corona            |     4 |       |       ||     4
       Ensorcelled Hiber |    13 |    23 |    17 ||    53
       Tukima's Dance    |     1 |       |       ||     1
       Confuse           |       |     2 |    15 ||    17
       Dazzling Spray    |       |       |     4 ||     4
Evoke: Wand              |       |       |     4 ||     4
  Use: Scroll            |     4 |     8 |     4 ||    16
       Potion            |       |       |     2 ||     2
 Stab: Sleeping          |    22 |    17 |    22 ||    61
       Distracted        |     1 |       |     3 ||     4
       Confused          |       |     4 |    11 ||    15
  Eat: Royal jelly       |       |     1 |     2 ||     3
Armor: Robe              |    14 |    10 |     2 ||    26
Dodge: Dodged            |    97 |    69 |   106 ||   272
Block: Other             |       |     8 |    14 ||    22
       Reflection        |       |     2 |     1 ||     3
